 Dungeon Crawl Stone Soup version 0.19-a0-829-g23a5e41 (webtiles) character file.

10345 Musica the Impaler (level 11, -9/92 HPs)
             Began as a Merfolk Gladiator on June 30, 2016.
             Was a Believer of Uskayaw.
             Mangled by a very large slime creature (26 damage)
             ... on level 12 of the Dungeon.
             The game lasted 00:43:46 (9869 turns).

Musica the Impaler (Merfolk Gladiator)              Turns: 9869, Time: 00:43:46

Health: -9/92      AC: 17    Str: 14    XL:     11   Next: 60%
Magic:  17/17      EV: 14    Int: 12    God:    Uskayaw [**....]
Gold:   290        SH:  0    Dex: 18    Spells: 1 memorised, 10 levels left

rFire  + . .     SeeInvis .     H - +4 halberd (elec)
rCold  . . .     Gourm    .     E - +3 leather armour
rNeg   . . .     Faith    .     (shield currently unavailable)
rPois  .         Spirit   .     c - +0 helmet
rElec  .         Dismiss  .     b - +2 cloak of the Desert {Int+5}
rCorr  .         Reflect  .     h - +0 pair of gloves
SustAt .         Harm     .     (no boots)
MR     .....                    (no amulet)
Stlth  +.........               I - ring of fire
                                v - +5 ring of protection

@: not resistant to hostile enchantments, very unstealthy
A: change form in water, swift swim, molten scales 1, cold resistance 1, weak 1
a: Stomp, Line Pass, Renounce Religion


You were on level 12 of the Dungeon.
You worshipped Uskayaw.
Uskayaw was pleased with you.
You were not hungry.

You visited 1 branch of the dungeon, and saw 12 of its levels.
You also visited: Bailey.

You collected 554 gold pieces.
You spent 264 gold pieces at shops.

Inventory:

Hand Weapons
 y - a +4 quarterstaff of chaos
 H - a +4 halberd of electrocution (weapon)
 M - a +1 blowgun
Missiles
 a - 2 needles of frenzy
 x - 27 poisoned needles
 B - 3 throwing nets
 C - 66 tomahawks of returning (quivered)
 D - 7 curare-tipped needles
Armour
 b - the +2 cloak of the Desert (worn) {Int+5}
   (You bought it in a shop on level 5 of the Dungeon)

   It affects your intelligence (+5).
 c - a +0 helmet (worn)
 h - a +0 pair of gloves (worn)
 p - a +0 leather armour of poison resistance
 s - a +2 scale mail of cold resistance
 u - a +2 animal skin
 w - a +3 ring mail
 E - a +3 leather armour (worn)
 J - a +0 plate armour of fire resistance
 P - a fire dragon hide
Magical Staves
 m - an uncursed staff of conjuration
Jewellery
 o - an uncursed ring of stealth
 t - an uncursed ring of stealth
 v - a +5 ring of protection (left hand)
 I - a ring of fire (right hand)
 R - an uncursed ring of protection from magic
 T - a cursed ring of loudness {unknown}
Wands
 z - a wand of digging (7/24)
 F - a wand of lightning (11/15)
 N - a wand of lightning (1/15)
 O - a wand of acid (4/15)
 Q - a wand of flame (18/48)
Scrolls
 d - a scroll of fog
 i - 5 scrolls of teleportation
 q - 3 scrolls of identify
 K - 5 scrolls of remove curse
Potions
 e - 8 potions of heal wounds
 j - a potion of brilliance
 k - 4 potions of flight
 l - 2 potions of curing
 n - 4 potions of haste
 A - 2 potions of magic
 G - a potion of beneficial mutation
 L - a potion of might
Books
 r - a book of Minor Magic

   Spells                             Type                      Level
   a - Magic Dart                     Conjuration                  1
   b - Blink                          Translocation                2
   c - Call Imp                       Summoning                    2
   d - Repel Missiles                 Charms/Air                   2
   e - Slow                           Hexes                        2
   f - Conjure Flame                  Conjuration/Fire             3
   g - Mephitic Cloud                 Conjuration/Poison/Air       3
Miscellaneous
 S - a lamp of fire
Comestibles
 f - 7 bread rations
 g - 6 meat rations
 U - 11 chunks of flesh


   Skills:
 + Level 10.8 Fighting
 + Level 16.7(17.1) Polearms
 + Level 3.6(7.8) Staves
 - Level 2.0 Throwing
 - Level 4.0 Dodging
 + Level 0.5 Spellcasting
 * Level 8.0 Invocations


You had 10 spell levels left.
You knew the following spells:

 Your Spells              Type           Power        Failure   Level  Hunger
a - Magic Dart            Conj           #...         41%         1    ##.....


Dungeon Overview and Level Annotations

Branches:
Dungeon (12/15)            Temple (0/1) D:6            Lair (0/6) D:11
    Orc: D:9-12

Altars:
Ashenzari
Cheibriados
Elyvilon
Gozag
Okawaru
Ru
Uskayaw

Shops:
D:5 *   D:6 *:}   D:7 %!%(=


Innate Abilities, Weirdness & Mutations

You revert to your normal form in water.
You are very nimble and swift while swimming.
You are partially covered in molten scales. (AC +1)
Your flesh is cold resistant. (rC+)
You are weak. (Str -2)


Message History

The slime creature is severely wounded.
Two slime creatures merge to form a large slime creature.
You can now pass through a line of other dancers.
You hit the large slime creature.
The large slime creature is moderately wounded.
Two slime creatures merge to form a very large slime creature.
You slash the very large slime creature!
The very large slime creature is moderately wounded.
The very large slime creature hits you!!!
Ouch! That really hurt!
* * * LOW HITPOINT WARNING * * *
You are too injured to fight recklessly!
You are too injured to fight recklessly!
You are too injured to fight recklessly!
You are too injured to fight recklessly!
You are too injured to fight recklessly!
You hit the very large slime creature.
The very large slime creature is moderately wounded.
The very large slime creature hits you!!
You die...

#### ########
....#
#......###....##
#......#.......J
##......#.#....#
#........@J....#
#.......#.#....#
#.......#.# +###
#.......#.# #.#
#.....).#+## #.#
#..........# #.#
# #.####)....# #
#. #.# # #.
#.[...#.# #. #.#
# # #.....#.# #.
#.# #


You could see a very large slime creature and a slime creature.

Vanquished Creatures
  A hill giant (D:10)
  Pikel (D:5)
  A cyclops (D:12)
  An elephant (D:11)
  A guardian serpent (D:9)
  Maurice (D:9)
  A merfolk (D:9)
  A wraith (D:10)
  5 yaks (D:12)
  A wyvern (D:11)
  Grum (D:9)
  4 hippogriffs
  2 hungry ghosts
  3 sky beasts
  Duvessa (D:4)
  2 orc warriors
  3 ice beasts
  A black bear (D:10)
  3 phantoms
  2 wolves (D:9)
  2 centaurs
  9 ogres
  A crocodile (D:11)
  A big kobold (D:7)
  Blork the orc (D:4)
  4 giant frogs
  Dowan (D:4)
  7 scorpions
  2 wyvern skeletons
  17 killer bees
  2 howler monkeys (D:9)
  6 crimson imps
  3 centaur zombies
  2 giant frog zombies
  A quasit (D:7)
  Crazy Yiuf (D:4)
  4 hounds
  A giant frog skeleton (D:4)
  3 jellies
  6 orc priests
  7 orc wizards
  2 iguanas
  9 worker ants
  A sheep (D:11)
  A worker ant zombie (D:5)
  Robin (D:4)
  13 gnolls (Bailey)
  A howler monkey skeleton (D:7)
  10 adders
  4 shadow imps
  4 oozes
  An adder zombie (D:9)
  An adder skeleton (D:9)
  2 worms
  2 dart slugs (D:1)
  2 giant geckos
  35 orcs
  6 bats
  15 giant cockroaches
  17 hobgoblins
  4 jackals (D:1)
  2 quokkas
  A ball python (D:2)
  5 giant newts
  20 goblins
  A jackal skeleton (D:9)
  A jackal zombie (D:5)
  24 kobolds
  A quokka skeleton (D:6)
  5 rats
308 creatures vanquished.

Vanquished Creatures (collateral kills)
  A scorpion (D:12)
  A giant frog skeleton (D:12)
2 creatures vanquished.

Grand Total: 310 creatures vanquished

Notes
Turn   | Place    | Note
--------------------------------------------------------------
     0 | D:1      | Musica the Merfolk Gladiator began the quest for the Orb.
     0 | D:1      | Reached XP level 1. HP: 16/16 MP: 1/1
    40 | D:1      | Reached skill level 5 in Polearms
    40 | D:1      | Reached XP level 2. HP: 15/23 MP: 2/2
   172 | D:1      | Reached XP level 3. HP: 26/28 MP: 3/3
   208 | D:1      | Reached skill level 6 in Polearms
   719 | D:2      | Reached XP level 4. HP: 33/34 MP: 4/4
   942 | D:2      | Found an opulent altar of Gozag.
  1169 | D:2      | Found a snail-covered altar of Cheibriados.
  1175 | D:2      | Found a hide-covered altar of Uskayaw.
  1180 | D:2      | Became a worshipper of Uskayaw the Reveler
  1662 | D:4      | Reached * piety under Uskayaw
  1663 | D:4      | Reached skill level 7 in Polearms
  1663 | D:4      | Reached ** piety under Uskayaw
  2086 | D:3      | Found a sacrificial altar of Ru.
  2089 | D:3      | Reached XP level 5. HP: 41/41 MP: 5/5
  2121 | D:3      | Found an iron altar of Okawaru.
  2294 | D:4      | Noticed Duvessa
  2294 | D:4      | Noticed Dowan
  2651 | D:3      | Noticed an ogre
  2659 | D:3      | Reached *** piety under Uskayaw
  2660 | D:3      | Killed an ogre
  2660 | D:3      | Reached skill level 8 in Polearms
  2660 | D:3      | Reached skill level 1 in Invocations
  2678 | D:4      | Found a runed door.
  2682 | D:4      | Noticed Crazy Yiuf
  2688 | D:4      | Killed Crazy Yiuf
  2688 | D:4      | Reached XP level 6. HP: 47/47 MP: 7/7
  2733 | D:4      | Killed Duvessa
  2740 | D:4      | Killed Dowan
  2740 | D:4      | Reached skill level 9 in Polearms
  2740 | D:4      | Reached **** piety under Uskayaw
  2760 | D:5      | Entered Level 5 of the Dungeon
  2971 | D:4      | Noticed Robin
  2982 | D:4      | Reached XP level 7. HP: 49/53 MP: 8/8
  2990 | D:4      | Killed Robin
  3147 | D:4      | Found a sacrificial altar of Ru.
  3273 | D:4      | Reached skill level 10 in Polearms
  3574 | D:4      | Noticed Blork the orc
  3588 | D:4      | Killed Blork the orc
  4185 | D:6      | Reached skill level 1 in Staves
  4185 | D:6      | Reached XP level 8. HP: 53/61 MP: 10/10
  4201 | D:5      | Noticed Pikel
  4218 | D:5      | Killed Pikel
  4218 | D:5      | Reached skill level 5 in Fighting
  4218 | D:5      | Reached skill level 11 in Polearms
  4590 | D:5      | Found Nahap's Assorted Antiques.
  4595 | D:5      | Bought a scorched cloak for 209 gold pieces
  4605 | D:5      | Identified the +2 cloak of the Desert {Int+5} (You bought it in a shop on level 5 of the Dungeon)
  4753 | D:6      | Found Fino's Gadget Boutique.
  4781 | D:6      | Found Piheseh's Assorted Antiques.
  4913 | D:6      | Found Souman's Book Shop.
  4918 | D:6      | Reached XP level 9. HP: 70/71 MP: 12/12
  5105 | D:6      | Found a staircase to the Ecumenical Temple.
  5129 | D:7      | Found Tutreug's Food Shop.
  5445 | D:7      | Found Pogro's Jewellery Shop.
  5481 | D:7      | Found Opaulu's Antique Weapon Emporium.
  5824 | D:7      | Found Hooporu's Distillery.
  5831 | D:7      | Found Qigait's Food Shop.
  5838 | D:7      | Bought a potion of heal wounds for 55 gold pieces
  6164 | D:7      | Reached skill level 12 in Polearms
  6196 | D:7      | Reached ***** piety under Uskayaw
  6809 | D:8      | Reached ****** piety under Uskayaw
  6810 | D:8      | Reached skill level 13 in Polearms
  7238 | D:9      | Noticed Maurice
  7339 | D:9      | Killed Maurice
  7339 | D:9      | Reached skill level 5 in Invocations
  7339 | D:9      | Reached XP level 10. HP: 47/82 MP: 13/13
  7401 | D:9      | Found a shattered altar of Ashenzari.
  7502 | D:9      | Found a flagged portal.
  7535 | Bailey   | Entered a bailey
  7636 | Bailey   | Reached skill level 14 in Polearms
  7934 | D:8      | Found a white marble altar of Elyvilon.
  8176 | D:8      | Found a shattered altar of Ashenzari.
  8321 | D:10     | Entered Level 10 of the Dungeon
  8467 | D:9      | Noticed a guardian serpent
  8476 | D:9      | Killed a guardian serpent
  8476 | D:9      | Reached skill level 15 in Polearms
  8489 | D:9      | Learned a level 1 spell: Magic Dart
  8526 | D:9      | Noticed Grum
  8540 | D:9      | Killed Grum
  8657 | D:10     | Reached XP level 11. HP: 47/90 MP: 16/16
  8681 | D:10     | Reached skill level 10 in Fighting
  9176 | D:10     | Noticed a hill giant
  9183 | D:10     | Killed a hill giant
  9283 | D:11     | Reached skill level 16 in Polearms
  9321 | D:10     | Gained mutation: You are weak. (Str -2) [mutagenic meat]
  9327 | D:10     | Gained mutation: Your flesh is cold resistant. (rC+) [mutagenic meat]
  9328 | D:10     | Gained mutation: You are partially covered in molten scales. (AC +1) [potion of beneficial mutation]
  9640 | D:11     | Found a staircase to the Lair.
  9799 | D:12     | Noticed a cyclops
  9813 | D:12     | Killed a cyclops
  9869 | D:12     | Mangled by a very large slime creature

Vault maps used:
D:1:      erik_arrival_gehennom
D:2:      minmay_roachtagon, amethyst_overflow_temple_binary,
          grunt_gozag_statues
D:3:      lemuel_round_altar, overflow_temple_1_default, first_bread
D:4:      nicolae_ru_sacrificial_ziggurat, uniq_robin, uniq_crazy_yiuf_cottage,
          uniq_blork_the_orc, uniq_duvessa
D:5:      serial_shops, shop, uniq_pikel
D:6:      serial_shops, nicolae_shop_statue_plus, shop, shop
D:7:      serial_shops, shop, nicolae_shop_stone, shop,
          nicolae_shop_behind_doors, nicolae_shop_stone
D:8:      lemuel_round_altar, elyvilon_altar_5
D:9:      enter_bailey_3, basic_altar, hangedman_fish_farm,
          minmay_misc_feat_five, nrook_guardian_serpent_ordinary, uniq_grum,
          uniq_maurice
D:11:     david_lair_generic, orc_0_dummy
D:12:     portal_ice_cave_entry_pillars_2
Bailey:   bailey_axe_2, bailey

Skill      XL: |  1  2  3  4  5  6  7  8  9 10 11 |
---------------+----------------------------------+-----
Polearms       | 5 6 7 8 9 10 11 13 15 16 | 16.7
Fighting       | 3 4 6 8 9 10 | 10.8
Invocations    | 1 2 3 4 5 6 8 |  8.0
Staves         | 1 2 3 |  3.6
Throwing       | |  2.0
Dodging        | |  4.0
Spellcasting   | |  0.5

Action                   |  1- 3 |  4- 6 |  7- 9 | 10-12 || total
-------------------------+-------+-------+-------+-------++-------
Melee: Trident           |   122 |    79 |   340 |    91 ||   632
       Quarterstaff      |       |    39 |   131 |       ||   170
       Halberd           |       |       |       |   306 ||   306
       Tailslap          |       |       |       |     1 ||     1
 Fire: Blowgun           |       |       |     1 |     3 ||     4
Throw: Throwing net      |       |     2 |     3 |       ||     5
       Tomahawk          |       |       |       |    11 ||    11
 Cast: Magic Dart        |       |       |       |     1 ||     1
  Use: Scroll            |       |       |    18 |     1 ||    19
       Potion            |       |       |     7 |     2 ||     9
 Stab: Sleeping          |       |     2 |     1 |     5 ||     8
       Paralysed         |       |     2 |    15 |    27 ||    44
       Distracted        |       |       |       |     1 ||     1
  Eat: Chunk             |       |     5 |     9 |    10 ||    24
       Beef jerky        |       |     1 |       |       ||     1
       Pizza             |       |       |     2 |       ||     2
       Meat ration       |       |       |     1 |       ||     1
Armor: Leather armour    |    30 |    37 |    45 |    84 ||   196
       Animal skin       |       |       |    70 |       ||    70
       Scale mail        |       |       |    24 |       ||    24
       Skin              |       |       |     2 |       ||     2
Dodge: Dodged            |    78 |    79 |   234 |   180 ||   571
